 Dungeon Crawl Stone Soup version 0.20-a0-261-gcb1eca7 (webtiles) character file.

591585 AlphabetPasta the Metallomancer (level 24, -15/174 HPs)
             Began as a Demigod Earth Elementalist on Nov 30, 2016.
             Demolished by a death cob (23 damage)
             ... on level 1 of the Realm of Zot on Dec 3, 2016.
             The game lasted 10:57:57 (111396 turns).

AlphabetPasta the Metallomancer (DgEE)            Turns: 111396, Time: 10:57:57

Health: -15/174    AC: 17    Str: 11    XL:     24   Next: 97%
Magic:  20/67      EV: 20    Int: 49    God:
Gold:   4965       SH: 14    Dex: 16    Spells: 13/61 levels left

rFire  . . .     SeeInvis +     t - staff of power
rCold  . . .     Gourm    .     B - +3 robe of Folly {Archmagi, MR-- Int+5}
rNeg   . . .     Faith    .     N - +2 buckler {AC+3}
rPois  .         Spirit   .     n - +1 helmet
rElec  +         Reflect  +     K - +1 cloak
rCorr  +         Harm     .     D - +0 pair of gloves "Zocet" {+Inv rElec SInv}
MR     ++...                    m - +1 pair of boots {run}
Stlth  ++........               g - amulet of Reyz {Reflect SH+6 SInv}
                                x - ring of Xom's Delight {rCorr Int+6}
                                y - ring of the Mage {Wiz MR++ Int+3}

@: very slightly contaminated, studying Shields, invisible, quick
A: high mp 1
}: 3/15 runes: decaying, silver, gossamer
a: no special abilities


You were on level 1 of the Realm of Zot.
You were hungry.

You visited 10 branches of the dungeon, and saw 50 of its levels.
You also visited: Bailey and Volcano.

You collected 6659 gold pieces.
You spent 1694 gold pieces at shops.

Inventory:

Armour
 e - a +1 robe of resistance
 m - a +1 pair of boots of running (worn)
 n - a +1 helmet (worn)
 B - the +3 robe of Folly (worn) {Archmagi, MR-- Int+5}
   (You found it on level 4 of the Depths)

   It affects your intelligence (+5).
   It affects your resistance to hostile enchantments.
 D - the +0 pair of gloves "Zocet" (worn) {+Inv rElec SInv}
   (You acquired it on level 5 of the Vaults)

   It insulates you from electricity.
   It lets you see invisible.
   It lets you turn invisible.
 K - a +1 cloak (worn)
 N - a +2 buckler of protection (worn)
 T - quicksilver dragon scales
Magical Staves
 c - an uncursed staff of poison
 t - an uncursed staff of power (weapon)
 E - an uncursed staff of conjuration
 G - an uncursed staff of earth
Jewellery
 a - the ring of Dishonesty {rF+ rC++ AC+2}
   (You found it on level 5 of the Vaults)

   [ring of protection]

   It affects your AC (+2).
   It protects you from fire.
   It greatly protects you from cold.
 g - the amulet of Reyz (around neck) {Reflect SH+6 SInv}
   (You found it on level 6 of the Dungeon)

   [amulet of reflection]

   It shields you and reflects attacks.
   It lets you see invisible.
   It affects your SH (+6).
 x - the ring of Xom's Delight (right hand) {rCorr Int+6}
   (You found it on level 4 of the Vaults)

   [ring of resist corrosion]

   It affects your intelligence (+6).
 y - the ring of the Mage (left hand) {Wiz MR++ Int+3}
   (You found it on level 2 of the Swamp)

   [ring of wizardry]

   It improves your spell success rate.
   It affects your intelligence (+3).
   It affects your resistance to hostile enchantments.
 F - an uncursed ring of protection from cold
 H - the ring "Pybaxej" {rN+ Str+3 Int+2 SInv}
   (You found it on level 5 of the Vaults)

   [ring of see invisible]

   It affects your strength (+3).
   It affects your intelligence (+2).
   It protects you from negative energy.
   It lets you see invisible.
 U - the ring "Alifaibia" {+Inv rElec MR++ Str-5 Dex+5 Stlth+}
   (You took it off a vault guard on level 5 of the Vaults)

   [ring of dexterity]

   It affects your strength (-5).
   It affects your dexterity (+5).
   It insulates you from electricity.
   It affects your resistance to hostile enchantments.
   It lets you turn invisible.
   It makes you more stealthy.
Wands
 h - a wand of digging (18/24)
 r - a wand of disintegration (14/24)
 v - a wand of iceblast (8/15)
 Q - a wand of paralysis (8/24)
 V - a wand of acid (2/15)
Scrolls
 k - 5 scrolls of teleportation
 o - 7 scrolls of magic mapping
 u - 3 scrolls of blinking
 C - 10 scrolls of enchant armour
 J - 14 scrolls of identify
 L - 9 scrolls of fog
 M - 14 scrolls of remove curse
 S - 4 scrolls of fear
 W - 10 scrolls of amnesia
 Z - 5 scrolls of recharging
Potions
 b - 2 potions of magic
 f - 16 potions of curing
 i - 6 potions of brilliance
 j - 8 potions of flight
 l - a potion of invisibility
 p - a potion of cancellation
 q - 7 potions of agility
 z - 5 potions of might
 A - 3 potions of ambrosia
 X - a potion of cure mutation
 Y - 2 potions of resistance
Books
 s - a manual of Shields
Comestibles
 d - 13 bread rations
 O - a meat ration
 P - 6 slices of pizza


   Skills:
 - Level 6.0 Fighting
 - Level 3.3 Staves
 - Level 9.6 Armour
 - Level 11.0 Dodging
 - Level 1.7 Stealth
 + Level 7.2 Shields
 * Level 19.1 Spellcasting
 + Level 15.9 Conjurations
 - Level 1.0 Charms
 - Level 1.0 Translocations
 - Level 1.3 Transmutations
 - Level 8.0 Fire Magic
 + Level 14.1 Ice Magic
 - Level 1.3 Air Magic
 + Level 25.0 Earth Magic
 - Level 5.0 Evocations


You had 13 spell levels left.
You knew the following spells:

 Your Spells              Type           Power        Failure   Level  Hunger
a - Sandblast             Erth           ######       0%          1    None
b - Passwall              Tmut/Erth      ########..   0%          2    None
c - Stone Arrow           Conj/Erth      ######       0%          3    None
d - Petrify               Tmut/Erth      ########     1%          4    None
e - Lee's Rapid Deconstr  Erth           #########.   0%          5    None
f - Blink                 Tloc           N/A          1%          2    None
g - Repel Missiles        Chrm/Air       ######       1%          2    None
h - Fireball              Conj/Fire      ########..   1%          5    None
i - Bolt of Magma         Conj/Fire/Erth ########..   0%          5    None
j - Iron Shot             Conj/Erth      #########.   0%          6    None
k - Summon Ice Beast      Ice/Summ       ########     1%          4    None
l - Shatter               Erth           #########.   1%          9    ###....


Dungeon Overview and Level Annotations

Branches:
Dungeon (15/15)            Temple (0/1) D:5            Lair (6/6) D:11
  Swamp (4/4) Lair:3       Spider (4/4) Lair:4        Slime (5/5) Lair:6
    Orc (2/2) D:11            Elf (3/3) Orc:2        Vaults (5/5) D:14
  Crypt (0/3) Vaults:2     Depths (5/5) D:15            Zot (1/5) Depths:5

Shops:
D:7 [   D:12 *   Orc:2 (%!=[   Elf:2 }=}=   Vaults:1 [   Vaults:3 }=[??
Vaults:4 ?   Vaults:5 =   Depths:5 (=

Portals:
Hell: Depths:1 Depths:2 Depths:3 Depths:4 Depths:5
Abyss: Depths:2 Depths:4
Pandemonium: Depths:3
Ziggurat: Depths:2

Annotations:
D:9 !iron troll
Slime:5 Royal Jelly


Innate Abilities, Weirdness & Mutations

You have an increased reservoir of magic. (+10% MP)


Message History

The black draconian monk breathes lightning at you.
The bolt of lightning misses you.
You hear a chilling moan.
The purple draconian breathes dispelling energy at you.
The bolt of dispelling energy misses you.
The red draconian scorcher gestures at you while chanting.
The sphere of damnation explodes!
The damnation engulfs you!
* * * LOW HITPOINT WARNING * * *
You feel much better.
The purple draconian breathes dispelling energy at you.
The bolt of dispelling energy misses you.
The red draconian scorcher gestures at you while chanting.
The fireball explodes!
The fireball engulfs you!
* * * LOW HITPOINT WARNING * * *
You fade into invisibility!
You are very lightly contaminated with residual magic.
The death cob closely misses you.
There is a gate leading back out of this place, spattered with blood here.
The death cob hits you!!
You die...

#########.# # #........##
##. ###..##...... ###..##
##...####..... #.......#
##...## ##.... .........##
##...## ##...
..........###...#### ##..
...........#.......#####
#..
..........@z..........###..
........[......#####.....#.
###.........q.# ###.....
#...).......# ##....
#..))^).....# #...##
#..[.....dq.## ###..##
#../.......q..####....#
..>...............#......#
.........................##


You could see a black draconian monk, a purple draconian, a death cob and 2
draconians.

Vanquished Creatures
  Mara (Vaults:2)
  3 ancient liches
  A juggernaut (Depths:3)
  Sojobo (Depths:1)
  Boris (Depths:3)
  Saint Roka (Vaults:3)
  Frederick (Vaults:3)
  2 caustic shrikes
  7 golden dragons
  A bone dragon (Swamp:4)
  Arachne (Spider:3)
  Rupert (D:13)
  Jorgrun (D:14)
  4 tentacled monstrosities
  4 titans
  4 quicksilver dragons
  A deep elf master archer (Elf:3)
  2 deep elf blademasters (Elf:3)
  8 acid blobs
  A death cob (Zot:1)
  6 sphinxes
  Agnes (D:15)
  2 thorn hunters (Swamp:4)
  Gastronok (D:9)
  Roxanne (Elf:3)
  9 tengu reavers
  9 shadow dragons
  2 storm dragons (Zot:1)
  4 azure jellies
  An iron dragon (Depths:4)
  Donald (Orc:2)
  7 deep elf sorcerers
  2 ghost moths
  8 frost giants
  9 fire giants
  24 vault wardens
  A draconian knight (Zot:1)
  4 draconian stormcallers
  7 emperor scorpions
  A draconian shifter (Depths:5)
  20 ironheart preservers
  6 deep elf elementalists
  A juggernaut skeleton (Depths:3)
  36 very ugly things
  3 spriggan defenders
  18 stone giants
  9 entropy weavers
  2 green draconians
  5 war gargoyles
  4 vampire knights
  2 black draconians
  9 deep elf annihilators
  2 red draconians
  7 deep elf demonologists
  A purple draconian (Depths:5)
  3 yellow draconians (Zot:1)
  2 spark wasps
  2 white draconians (Zot:1)
  A merfolk javelineer (Depths:1)
  10 deep elf death magi
  4 death oozes
  Josephine (Swamp:1)
  A quicksilver dragon zombie (Depths:3)
  15 ettins
  9 fire dragons
  5 deep elf high priests
  19 yaktaur captains
  18 hydras
  3 rakshasas
  10 great orbs of eyes
  38 vault guards
  A small abomination (Vaults:5)
  10 ice dragons
  13 centaur warriors
  4 ghost crabs
  A ghost crab (shapeshifter) (Depths:5)
  Erica (D:8)
  4 death yaks
  20 ogre magi
  15 alligators
  6 death knights
  38 dancing weapons
  6 deep troll shamans
  A tengu warrior (Depths:3)
  10 deep troll earth magi
  Urug (D:14)
  3 vampire magi
  4 sun demons
  A storm dragon zombie (D:15)
  3 spriggan berserkers
  23 deep elf knights
  3 soul eaters (Depths:3)
  A shock serpent (shapeshifter) (Vaults:1)
  A fire crab (shapeshifter) (Depths:1)
  A shadow wraith (Vaults:2)
  A fire crab (Lair:6)
  5 hell knights (Depths:3)
  An iron troll (D:9)
  8 skeletal warriors
  A sea snake (shapeshifter) (Vaults:3)
  9 unseen horrors
  A glowing orange brain (shapeshifter) (Vaults:1)
  A shadow demon (Depths:3)
  5 flayed ghosts
  4 glowing orange brains
  15 deep trolls
  A lindwurm (Lair:3)
  24 deep elf archers
  3 swamp dragons
  An unseen horror (shapeshifter) (Vaults:4)
  3 spriggan druids
  2 spectral hydras (Swamp:4)
  22 ironbrand convokers
  8 necromancers
  9 phantasmal warriors
  15 hill giants
  5 shambling mangroves
  A harpy (shapeshifter) (Depths:3)
  An obsidian statue (Depths:3)
  17 orb spiders
  21 orc knights
  A mana viper (shapeshifter) (Depths:1)
  9 harpies
  31 wolf spiders
  66 ugly things
  4 cyclopes
  83 deep elf magi
  An iron dragon zombie (Depths:3)
  A stone giant zombie (D:15)
  5 wizards
  A salamander (shapeshifter) (Vaults:5)
  3 shining eyes
  A cyclops (shapeshifter) (Depths:3)
  6 orc sorcerers
  A stone giant skeleton (Vaults:4)
  2 fire giant skeletons
  An iron dragon skeleton (Depths:3)
  7 moths of wrath
  4 elephants (Lair:4)
  26 vault sentinels
  7 black mambas
  17 spiny frogs
  A water nymph (shapeshifter) (Vaults:2)
  3 eyes of devastation
  5 molten gargoyles
  A gargoyle (D:15)
  2 orange demons (Depths:3)
  4 kobold demonologists (D:14)
  A torpor snail (Spider:1)
  13 demonic crawlers
  12 freezing wraiths
  2 yaktaurs (shapeshifter)
  15 komodo dragons
  2 rime drakes
  52 yaktaurs
  3 ice devils (Depths:3)
  A red devil (Volcano)
  3 tengu conjurers
  The ghost of milky the Ruffian, an amateur TrMo (D:4)
  5 swamp worm zombies (Swamp:4)
  6 hydra zombies
  39 jumping spiders
  15 trolls
  A polar bear (shapeshifter) (Vaults:4)
  10 tyrant leeches
  8 blink frogs
  30 hornets
  A two-headed ogre (shapeshifter) (Vaults:2)
  4 spectral swamp dragons (Swamp:4)
  13 bog bodies
  3 alligator zombies (Swamp:4)
  102 slime creatures
  A stone giant simulacrum (Vaults:4)
  41 two-headed ogres
  8 hippogriffs
  A spriggan zombie (D:15)
  An ettin zombie (D:15)
  A hippogriff (shapeshifter) (Elf:1)
  Sigmund (D:3)
  2 air elementals (Elf:1)
  18 spriggans
  5 shadows
  4 vampires
  83 redbacks
  9 wyverns
  9 wraiths
  Eustachio (D:4)
  42 tarantellas
  4 fire bats (Volcano)
  A fire elemental (Elf:1)
  A golden eye (Slime:5)
  37 yaks
  11 basilisks
  A tyrant leech zombie (Swamp:2)
  6 water elementals
  2 yaks (shapeshifter)
  2 hogs (shapeshifter)
  A fire bat (shapeshifter) (Depths:2)
  42 vampire mosquitoes
  16 humans (D:14)
  4 hungry ghosts
  Menkaure (D:4)
  2 steam dragons
  11 wargs
  2 human simulacra (Vaults:2)
  22 insubstantial wisps
  24 swamp worms
  A soldier ant (D:14)
  Duvessa (D:5)
  Edmund (D:5)
  An acid dragon (D:15)
  6 hell hounds
  7 water moccasins
  A floating eye (Depths:4)
  9 porcupines
  5 ice beasts
  55 orc warriors
  A sky beast (shapeshifter) (Vaults:2)
  6 swamp drakes
  6 sky beasts
  An eye of draining (Slime:4)
  81 ogres
  5 phantoms (Swamp:4)
  A necrophage (D:12)
  2 swamp dragon zombies (Swamp:4)
  3 black bears
  14 wolves
  17 centaurs
  18 boggarts
  17 crocodiles
  5 big kobolds
  16 bullfrogs
  A gnoll sergeant (D:10)
  A glowing shapeshifter simulacrum (Vaults:4)
  Blork the orc (D:4)
  An earth elemental (Elf:2)
  2 water moccasin zombies
  Dowan (D:5)
  A wyvern zombie (D:14)
  2 wyvern skeletons
  3 scorpions
  4 killer bees (D:10)
  12 wights
  3 electric eels (D:9)
  3 howler monkeys (D:9)
  19 crimson imps
  11 lava snakes
  Crazy Yiuf (D:7)
  6 hounds
  A jelly (shapeshifter) (Vaults:3)
  A quasit (D:14)
  8 centaur zombies
  2 jellies
  16 orc priests
  3 bullfrog skeletons
  5 centaur skeletons
  3 iron imps
  6 iguanas
  7 worker ants
  23 orc wizards
  A spectral swamp drake (Swamp:4)
  Terence (D:2)
  A killer bee zombie (D:10)
  A hound zombie (D:6)
  Robin (D:2)
  A hound skeleton (D:10)
  A worker ant zombie (D:5)
  2 howler monkey skeletons
  9 gnolls
  13 adders
  4 shadow imps
  8 white imps
  An ooze (D:3)
  An adder skeleton (D:4)
  2 worms
  5 dart slugs
  8 leopard geckos
  115 orcs
  4 giant cockroaches
  8 goblins
  13 hobgoblins
  9 jackals
  38 kobolds
  5 quokkas
  6 bats
  A frilled lizard (shapeshifter) (Depths:4)
  3 frilled lizards (D:3)
  A jackal zombie (D:5)
  3 leopard gecko skeletons
  A quokka skeleton (D:8)
  5 rats
  14 crawling corpses (Vaults:5)
  2 fungi
  2 plants (Depths:1)
  2 withered plants (D:15)
2538 creatures vanquished.

Vanquished Creatures (collateral kills)
  A fire dragon (Depths:2)
1 creature vanquished.

Vanquished Creatures (others)
  A deep elf master archer (Elf:3)
  A vault warden (Vaults:2)
  A stone giant (Vaults:5)
  A small abomination (Vaults:5)
  2 yaktaur captains
  2 centaur warriors
  A spectral hydra (Swamp:4)
  13 yaktaurs
  5 dream sheep (D:3)
  A spriggan (Swamp:3)
  An insubstantial wisp (Swamp:4)
  An orc warrior (Orc:2)
  4 centaurs (D:14)
  4 bushes (D:14)
  14 fungi
  7 plants
59 creatures vanquished.

Grand Total: 2598 creatures vanquished

Notes
Turn   | Place    | Note
-------+----------+-------------------------------------------
     0 | D:1      | AlphabetPasta the Demigod Earth Elementalist began the quest for the Orb.
     0 | D:1      | Reached XP level 1. HP: 14/14 MP: 5/5
   154 | D:1      | Reached skill level 3 in Earth Magic
   322 | D:1      | Reached XP level 2. HP: 20/20 MP: 2/7
   327 | D:1      | Learned a level 2 spell: Passwall
   699 | D:2      | Noticed Robin
   720 | D:2      | Killed Robin
   720 | D:2      | Reached XP level 3. HP: 21/26 MP: 0/8
   904 | D:2      | Learned a level 3 spell: Stone Arrow
  1188 | D:2      | Reached skill level 4 in Earth Magic
  1233 | D:2      | Noticed Terence
  1298 | D:2      | Killed Terence
  1298 | D:2      | Reached XP level 4. HP: 27/33 MP: 0/10
  1876 | D:3      | Learned a level 3 spell: Stone Arrow
  1891 | D:3      | Noticed Sigmund
  1897 | D:3      | Killed Sigmund
  1897 | D:3      | Reached skill level 5 in Earth Magic
  1897 | D:3      | Reached XP level 5. HP: 38/38 MP: 7/12
  2417 | D:3      | Found a shimmering altar of Xom.
  2417 | D:3      | Noticed a dream sheep
  2417 | D:3      | Noticed a dream sheep
  2417 | D:3      | Noticed a dream sheep
  2417 | D:3      | Noticed a dream sheep
  2417 | D:3      | Noticed a dream sheep
  2422 | D:3      | Killed a dream sheep
  2422 | D:3      | Killed a dream sheep
  2422 | D:3      | Killed a dream sheep
  2422 | D:3      | Killed a dream sheep
  2422 | D:3      | Killed a dream sheep
  2640 | D:4      | Reached XP level 6. HP: 45/45 MP: 12/14
  2702 | D:4      | Learned a level 4 spell: Petrify
  2721 | D:4      | Noticed Eustachio
  2727 | D:4      | Killed Eustachio
  2727 | D:4      | Reached skill level 6 in Earth Magic
  2740 | D:4      | Noticed milky's ghost (amateur TrMo)
  2920 | D:4      | Noticed Blork the orc
  2924 | D:4      | Killed Blork the orc
  3226 | D:4      | Reached XP level 7. HP: 50/50 MP: 13/16
  3235 | D:4      | Noticed Menkaure
  3238 | D:4      | Killed Menkaure
  3351 | D:5      | Entered Level 5 of the Dungeon
  3405 | D:5      | Noticed Edmund
  3411 | D:5      | Killed Edmund
  3411 | D:5      | Reached skill level 7 in Earth Magic
  3437 | D:5      | Found a staircase to the Ecumenical Temple.
  3624 | D:5      | Noticed Duvessa
  3624 | D:5      | Noticed Dowan
  3633 | D:5      | Killed Duvessa
  3634 | D:5      | Killed Dowan
  4238 | D:5      | Found a bloodstained altar of Trog.
  4239 | D:5      | Noticed a wizard
  4321 | D:6      | Got a brightly glowing brass amulet
  4418 | D:6      | Reached XP level 8. HP: 45/57 MP: 15/18
  4421 | D:6      | Reached skill level 8 in Earth Magic
  4428 | D:6      | Learned a level 5 spell: Lee's Rapid Deconstruction
  4465 | D:6      | Reached skill level 5 in Spellcasting
  4536 | D:6      | Found a burning altar of Makhleb.
  4703 | D:6      | Reached skill level 1 in Shields
  5332 | D:7      | Found a flagged portal.
  5344 | Bailey   | Entered a bailey
  5402 | Bailey   | Reached skill level 9 in Earth Magic
  5910 | D:7      | Reached XP level 9. HP: 32/62 MP: 11/21
  6039 | D:7      | Found Yghamuz's Armour Shoppe.
  6291 | D:7      | Found a shimmering altar of Xom.
  6934 | D:7      | Found a runed door.
  6938 | D:7      | Noticed Crazy Yiuf
  6941 | D:7      | Killed Crazy Yiuf
  6980 | D:8      | Noticed Erica
  7395 | D:8      | Reached skill level 10 in Earth Magic
  7707 | D:8      | Killed Erica
  7715 | D:8      | Identified the amulet of Reyz {Reflect SH+6 SInv} (You found it on level 6 of the Dungeon)
  8554 | D:9      | Noticed Gastronok
  8572 | D:9      | Killed Gastronok
  8572 | D:9      | Reached skill level 5 in Shields
  8572 | D:9      | Reached skill level 11 in Earth Magic
  8572 | D:9      | Reached XP level 10. HP: 25/69 MP: 8/25
  8900 | D:9      | Reached skill level 1 in Staves
  9709 | D:9      | Noticed an iron troll
 10239 | D:9      | Noticed a deep troll
 10558 | D:5      | Killed a wizard
 10558 | D:5      | Reached skill level 12 in Earth Magic
 10668 | D:4      | Killed milky's ghost
 10848 | D:10     | Entered Level 10 of the Dungeon
 10850 | D:10     | Noticed an unseen horror
 10853 | D:10     | Killed an unseen horror
 10905 | D:10     | Noticed a hill giant
 10923 | D:10     | Killed a hill giant
 10923 | D:10     | Reached XP level 11. HP: 41/74 MP: 14/27
 11023 | D:10     | Noticed a hill giant
 11031 | D:10     | Noticed a hill giant
 11040 | D:10     | Killed a hill giant
 11191 | D:10     | Killed a hill giant
 11191 | D:10     | Reached skill level 1 in Fighting
 11356 | D:10     | Noticed a hill giant
 11360 | D:10     | Killed a hill giant
 12415 | D:10     | Noticed a hill giant
 12636 | D:10     | Killed a hill giant
 12862 | D:10     | Upgraded the game from 0.20-a0-241-ge0d8a1c to 0.20-a0-247-g0f58866
 12872 | D:11     | Reached skill level 13 in Earth Magic
 13284 | D:11     | Found a staircase to the Orcish Mines.
 13287 | D:11     | Noticed a hill giant
 13394 | D:11     | Upgraded the game from 0.20-a0-247-g0f58866 to 0.20-a0-252-gcc89fee
 13413 | D:11     | Killed a hill giant
 13423 | D:11     | Reached skill level 1 in Conjurations
 13554 | D:11     | Noticed an unseen horror
 13561 | D:11     | Killed an unseen horror
 13932 | D:11     | Learned a level 2 spell: Blink
 13935 | D:11     | Learned a level 2 spell: Repel Missiles
 13952 | D:11     | Found a staircase to the Lair.
 14133 | D:11     | Found an ancient bone altar of Kikubaaqudgha.
 14453 | D:12     | Noticed an unseen horror
 14459 | D:12     | Killed an unseen horror
 14988 | D:12     | Found Kuitseck's General Store.
 15095 | D:12     | Noticed a phantasmal warrior
 15095 | D:12     | Noticed a skeletal warrior
 15354 | D:12     | Noticed a death knight
 15423 | Lair:1   | Entered Level 1 of the Lair of Beasts
 15439 | Lair:1   | Reached XP level 12. HP: 85/85 MP: 19/29
 15635 | Lair:1   | Found a dark tunnel.
 15642 | Volcano  | Entered a volcano
 15835 | Volcano  | Found a radiant altar of Vehumet.
 15974 | Volcano  | Reached skill level 14 in Earth Magic
 16969 | Lair:2   | Reached skill level 5 in Dodging
 17430 | Lair:2   | Reached skill level 1 in Evocations
 17490 | Lair:2   | Noticed a five-headed hydra
 17629 | Lair:2   | Killed a five-headed hydra
 18889 | Lair:3   | Reached skill level 1 in Charms
 19012 | Lair:3   | Found a staircase to the Swamp.
 19470 | Lair:3   | Reached skill level 1 in Translocations
 19659 | Lair:4   | Reached skill level 1 in Transmutations
 19814 | Lair:4   | Reached XP level 13. HP: 90/91 MP: 10/31
 20112 | Lair:4   | Found a hole to the Spider Nest.
 20152 | Lair:4   | Reached skill level 10 in Spellcasting
 20349 | Lair:4   | Reached skill level 1 in Air Magic
 21527 | Lair:5   | Reached skill level 15 in Earth Magic
 22025 | Lair:5   | Reached skill level 5 in Conjurations
 23090 | Lair:6   | Entered Level 6 of the Lair of Beasts
 24030 | Lair:6   | Found a viscous altar of Jiyva.
 24031 | Lair:6   | Found a staircase to the Slime Pits.
 25806 | Lair:6   | Found a large runed door.
 25806 | Lair:6   | Found a large runed door.
 26329 | Orc:1    | Entered Level 1 of the Orcish Mines
 26411 | Orc:2    | Entered Level 2 of the Orcish Mines
 26411 | Orc:2    | Found a roughly hewn altar of Beogh.
 26466 | Orc:2    | Found a staircase to the Elven Halls.
 26507 | Orc:2    | Noticed Donald
 26993 | Orc:2    | Reached XP level 14. HP: 96/102 MP: 6/33
 27614 | Orc:1    | Reached skill level 16 in Earth Magic
 28127 | Orc:2    | Found Zeggoq's Antique Armour Emporium.
 28224 | Orc:2    | Bought a pair of runed boots for 304 gold pieces
 28234 | Orc:2    | Identified a +1 pair of boots of running (You bought it in a shop on level 2 of the Orcish Mines)
 28486 | Orc:2    | Paralysed by an ogre mage for 2 turns
 28754 | Orc:2    | Found Iloirch's Jewellery Shoppe.
 28754 | Orc:2    | Found Zellil's Food Shop.
 28754 | Orc:2    | Found Foirut's Distillery.
 28754 | Orc:2    | Found Bymuomat's Weapon Emporium.
 28815 | Orc:2    | Bought an uncursed ring of magical power for 240 gold pieces
 28815 | Orc:2    | Bought a cursed amulet of inaccuracy for 24 gold pieces
 28819 | Orc:2    | Bought 2 potions of magic for 192 gold pieces
 28819 | Orc:2    | Bought a potion of heal wounds for 60 gold pieces
 28882 | Orc:2    | Killed Donald
 31763 | D:13     | Found an ancient bone altar of Kikubaaqudgha.
 33171 | D:14     | Found a gate to the Vaults.
 33171 | D:14     | Noticed Urug
 33171 | D:14     | Noticed Rupert
 33911 | D:13     | Paralysed by Rupert for 3 turns
 33920 | D:13     | Killed Rupert
 34754 | D:14     | Killed Urug
 35767 | D:15     | Entered Level 15 of the Dungeon
 36289 | D:15     | Noticed Agnes
 36755 | D:9      | Reached skill level 17 in Earth Magic
 36817 | D:9      | Reached XP level 15. HP: 82/107 MP: 5/35
 37608 | Swamp:1  | Entered Level 1 of the Swamp
 37609 | Swamp:1  | Upgraded the game from 0.20-a0-252-gcc89fee to 0.20-a0-256-gabb291d
 37820 | Swamp:1  | Learned a level 5 spell: Fireball
 38394 | Swamp:1  | Reached skill level 1 in Fire Magic
 38582 | Swamp:1  | Reached skill level 1 in Armour
 40357 | Swamp:1  | Noticed Josephine
 40366 | Swamp:1  | Killed Josephine
 44027 | Swamp:3  | Reached skill level 5 in Armour
 44760 | Swamp:3  | Found a shadowy altar of Dithmenos.
 45133 | Swamp:4  | Entered Level 4 of the Swamp
 45471 | Swamp:3  | Reached XP level 16. HP: 104/114 MP: 26/37
 45544 | Swamp:2  | Learned a level 5 spell: Bolt of Magma
 45551 | Swamp:2  | Learned a level 6 spell: Iron Shot
 47333 | Swamp:4  | Reached skill level 5 in Fire Magic
 48882 | Swamp:4  | Noticed a bone dragon
 48901 | Swamp:4  | Got a decaying rune of Zot
 49062 | Swamp:4  | Reached skill level 10 in Conjurations
 49393 | Swamp:4  | Killed a bone dragon
 49639 | Spider:1 | Entered Level 1 of the Spider Nest
 49803 | Orc:2    | Bought a bread ration for 60 gold pieces
 49803 | Orc:2    | Bought a bread ration for 60 gold pieces
 49803 | Orc:2    | Bought a meat ration for 60 gold pieces
 49803 | Orc:2    | Bought a meat ration for 60 gold pieces
 49803 | Orc:2    | Bought a meat ration for 60 gold pieces
 49807 | Orc:2    | Bought a potion of curing for 36 gold pieces
 49807 | Orc:2    | Bought a potion of haste for 120 gold pieces
 50426 | Spider:1 | Reached skill level 18 in Earth Magic
 54487 | Spider:2 | Reached XP level 17. HP: 30/122 MP: 1/39
 55898 | Spider:3 | Learned a level 4 spell: Summon Ice Beast
 56619 | D:12     | Bought 2 scrolls of blinking for 255 gold pieces
 56771 | Spider:4 | Entered Level 4 of the Spider Nest
 56774 | Spider:4 | Noticed Arachne
 56775 | Spider:4 | Reached skill level 1 in Ice Magic
 56911 | Spider:3 | Killed Arachne
 60408 | Spider:4 | Reached skill level 19 in Earth Magic
 60756 | Spider:4 | Got a gossamer rune of Zot
 61051 | Vaults:1 | Entered Level 1 of the Vaults
 62599 | Vaults:1 | Reached XP level 18. HP: 118/129 MP: 24/40
 63261 | Vaults:1 | Noticed Jorgrun
 63375 | D:14     | Killed Jorgrun
 64573 | Vaults:1 | Reached skill level 5 in Ice Magic
 64573 | Vaults:1 | Reached skill level 5 in Evocations
 64807 | Vaults:1 | Identified the cursed +0 robe of Classification {Dex+2} (You found it on level 1 of the Vaults)
 65698 | Vaults:1 | Found Edehogud's Armour Emporium.
 65997 | Vaults:1 | Identified a scroll of acquirement
 66134 | Vaults:1 | Identified the +0 pair of gloves of Anloykey {rCorr} (You acquired it on level 1 of the Vaults)
 67152 | Vaults:1 | Identified the +0 cloak of Zomm {Str+6} (You found it on level 1 of the Vaults)
 67237 | Vaults:1 | Upgraded the game from 0.20-a0-256-gabb291d to 0.20-a0-257-gcba8977
 67546 | Vaults:2 | Reached skill level 5 in Fighting
 68859 | Vaults:2 | Noticed Mara
 69373 | Vaults:2 | Reached skill level 20 in Earth Magic
 70363 | Vaults:2 | Reached XP level 19. HP: 140/140 MP: 40/42
 70403 | Vaults:2 | Found a staircase to the Crypt.
 71058 | Vaults:2 | Noticed AlphabetPasta's illusion
 72083 | Vaults:2 | Got a smoking amethyst amulet
 72084 | Vaults:2 | Identified the amulet "Ijea" {rC- Regen+ Str+8} (You found it on level 2 of the Vaults)
 72314 | Vaults:2 | Killed Mara
 72965 | Vaults:3 | Noticed Saint Roka
 73094 | Vaults:3 | Killed Saint Roka
 73550 | Vaults:3 | Found Kutou's Magic Scroll Emporium.
 73568 | Vaults:3 | Found Ahat's Magic Scroll Emporium.
 74330 | Vaults:3 | Found Xiet's Gadget Boutique.
 74331 | Vaults:3 | Found Binukuac's Jewellery Boutique.
 74515 | Vaults:3 | Found Kirghuxku's Antique Armour Emporium.
 74654 | Vaults:3 | Noticed Frederick
 75198 | Vaults:3 | Reached skill level 10 in Dodging
 75765 | Vaults:3 | Killed Frederick
 76871 | Vaults:3 | Reached XP level 20. HP: 148/148 MP: 13/44
 77470 | Vaults:3 | Reached skill level 21 in Earth Magic
 78220 | Vaults:4 | Found Ingyr's Magic Scroll Shoppe.
 78223 | Vaults:4 | Bought a scroll of blinking for 135 gold pieces
 78544 | Vaults:4 | Identified the ring of Xom's Delight {rCorr Int+6} (You found it on level 4 of the Vaults)
 81089 | Vaults:2 | Noticed a golden dragon
 81101 | Vaults:2 | Killed a golden dragon
 81415 | Elf:1    | Entered Level 1 of the Elven Halls
 83508 | Elf:2    | Found a runed gate.
 83509 | Elf:2    | Found a runed gate.
 83509 | Elf:2    | Found a runed gate.
 83598 | Elf:2    | Found Biceozxe's Gadget Emporium.
 83598 | Elf:2    | Found Mofol Yptudgh's Jewellery Shop.
 83599 | Elf:2    | Found Xufazufy's Gadget Emporium.
 83606 | Elf:2    | Bought a cursed -3 ring of protection for 28 gold pieces
 83804 | Elf:2    | Found Unuestri's Jewellery Boutique.
 83898 | Elf:2    | Reached XP level 21. HP: 155/155 MP: 15/45
 84102 | Elf:2    | Reached skill level 15 in Spellcasting
 84916 | Elf:3    | Entered Level 3 of the Elven Halls
 85622 | Elf:3    | Noticed Roxanne
 85626 | Elf:3    | Killed Roxanne
 87087 | Elf:3    | Reached skill level 22 in Earth Magic
 87842 | Elf:3    | Identified the +3 leather armour of the Lion {Int+4 Dex+4 Stlth-} (You took it off a deep elf elementalist on level 3 of the Elven Halls)
 87844 | Elf:3    | Got a bound gossamer ring
 87846 | Elf:3    | Identified the ring "Girr" {rElec Int+4 Slay+2} (You took it off a deep elf annihilator on level 3 of the Elven Halls)
 87868 | Elf:3    | Reached skill level 10 in Ice Magic
 88190 | Elf:3    | Identified Huil's Almanac of Ignition
 88210 | Elf:3    | Identified the cursed +0 robe "Kioqein" {Str+5} (You found it on level 3 of the Elven Halls)
 88322 | Elf:3    | Learned a level 9 spell: Shatter
 89155 | D:15     | Killed Agnes
 89351 | D:15     | Found a hide-covered altar of Uskayaw.
 89643 | D:15     | Found a staircase to the Depths.
 90216 | D:15     | Upgraded the game from 0.20-a0-257-gcba8977 to 0.20-a0-259-gc929cd2
 90217 | Depths:1 | Entered Level 1 of the Depths
 90509 | Depths:1 | Found a gateway to Hell.
 90690 | Depths:1 | Noticed Sojobo
 90703 | Depths:1 | Killed Sojobo
 91262 | Depths:1 | Reached XP level 22. HP: 121/161 MP: 3/47
 92887 | Depths:2 | Found a gateway to a ziggurat.
 93562 | Depths:2 | Found a one-way gate to the infinite horrors of the Abyss.
 93934 | Depths:3 | Reached skill level 15 in Conjurations
 93984 | Depths:3 | Noticed Boris
 93990 | Depths:3 | Killed Boris
 94266 | Depths:3 | Upgraded the game from 0.20-a0-259-gc929cd2 to 0.20-a0-261-gcb1eca7
 94282 | Depths:3 | Found a one-way gate leading to the halls of Pandemonium.
 96453 | Depths:3 | Found a runed door.
 96453 | Depths:3 | Noticed a caustic shrike
 96453 | Depths:3 | Noticed an ancient lich
 96455 | Depths:3 | Noticed a juggernaut
 97153 | Depths:4 | Reached skill level 23 in Earth Magic
 97238 | Depths:4 | Noticed a caustic shrike
 97240 | Depths:4 | Killed a caustic shrike
 99252 | Depths:5 | Entered Level 5 of the Depths
 99712 | Depths:5 | Reached XP level 23. HP: 160/167 MP: 49/49
100112 | Depths:5 | Found Ywos's Jewellery Shop.
100116 | Depths:5 | Found Potwum's Antique Weapon Boutique.
101391 | Depths:5 | Found a gate to the Realm of Zot.
102502 | Vaults:5 | Entered Level 5 of the Vaults
102964 | Slime:1  | Entered Level 1 of the Pits of Slime
104580 | Depths:3 | Killed a juggernaut
104580 | Depths:3 | Reached skill level 24 in Earth Magic
104776 | Depths:3 | Killed an ancient lich
105568 | Vaults:5 | Reached XP level 24. HP: 164/174 MP: 38/51
107142 | Vaults:5 | Noticed an ancient lich
107143 | Vaults:5 | Killed an ancient lich
107624 | Vaults:5 | Got a vibrating diamond amulet
107626 | Vaults:5 | Identified the amulet of Interdependent Arising {Faith *Drain rF+ Int+5} (You took it off a vault sentinel on level 5 of the Vaults)
107670 | Vaults:5 | Got a silver rune of Zot
107686 | Vaults:5 | Got a wavering brass ring
107704 | Vaults:5 | Got a glittering copper ring
107711 | Vaults:5 | Identified the ring "Pybaxej" {rN+ Str+3 Int+2 SInv} (You found it on level 5 of the Vaults)
107712 | Vaults:5 | Identified the ring "Alifaibia" {+Inv rElec MR++ Str-5 Dex+5 Stlth+} (You took it off a vault guard on level 5 of the Vaults)
107754 | Vaults:5 | Noticed an ancient lich
107757 | Vaults:5 | Killed an ancient lich
108229 | Vaults:5 | Found Piejaguth's Jewellery Emporium.
108236 | Vaults:5 | Identified the ring of Dishonesty {rF+ rC++ AC+2} (You found it on level 5 of the Vaults)
108257 | Vaults:5 | Identified the +3 ring mail of the Present {Int+3} (You found it on level 5 of the Vaults)
108646 | Vaults:5 | Identified the Compendium of Helpful Companions
108703 | Vaults:5 | Identified Lom Lobon's Guide on Displacement
108724 | Vaults:5 | Got a pair of jewelled gloves
108735 | Vaults:5 | Identified the +0 pair of gloves "Zocet" {+Inv rElec SInv} (You acquired it on level 5 of the Vaults)
109336 | Slime:5  | Entered Level 5 of the Pits of Slime
109487 | Slime:5  | Noticed the Royal Jelly
109694 | Slime:5  | Gained mutation: Your body sometimes deteriorates upon taking damage. [a shining eye]
109695 | Slime:5  | Gained mutation: You are frail. (-10% HP) [a shining eye]
109697 | Slime:5  | Gained mutation: You are partially covered in yellow scales. (AC +2) [a shining eye]
109704 | Slime:4  | Lost mutation: Your body sometimes deteriorates upon taking damage. [potion of cure mutation]
109704 | Slime:4  | Lost mutation: You are frail. (-10% HP) [potion of cure mutation]
109704 | Slime:4  | Lost mutation: You are partially covered in yellow scales. (AC +2) [potion of cure mutation]
110626 | Zot:1    | Entered Level 1 of the Realm of Zot
111171 | Zot:1    | Reached skill level 25 in Earth Magic
111390 | Zot:1    | HP: 6/174 [red draconian scorcher/fireball (30)]
111396 | Zot:1    | Demolished by a death cob

Vault maps used:
D:1:      minmay_arrival_cross
D:2:      uniq_terence, uniq_robin
D:3:      kb_xom_exploding_sheep, uniq_sigmund
D:4:      first_bread, kennysheep_opposing_triangles, uniq_menkaure,
          uniq_eustachio, uniq_blork_the_orc
D:5:      trog_wizard, uniq_duvessa, uniq_edmund
D:6:      basic_altar
D:7:      enter_bailey_2, serial_shops, shop, basic_altar,
          uniq_crazy_yiuf_cottage
D:8:      uniq_erica
D:9:      lemuel_troll_bridge, uniq_gastronok
D:10:     grunt_pizzeria
D:11:     lair_entry_dummy, david_orc_2, basic_altar
D:12:     serial_shops, nicolae_shop_crystal
D:13:     basic_altar
D:14:     david_vaults_3, serial_park_square2
D:15:     gammafunk_depths_entry_grave, basic_altar, corexii_corridor_pit,
          uniq_agnes
Lair:1:   nicolae_volcano_entry_lava_flow
Lair:2:   grunt_megastairs_5
Lair:3:   minmay_swamp_entry_worms
Lair:4:   spider_nest_entry_rubble, grunt_megastairs_4
Lair:5:   guppyfry_lair_drakes, grunt_megastairs_1
Lair:6:   cheibrodos_lair_end_hotspot, slime_altar_1, grunt_forest_stairs_basic
Swamp:1:  evilmike_swamp_ruin_rubble_1, uniq_josephine
Swamp:2:  evilmike_swamp_ruin_house_4, nicolae_swamp_necromancer_hut
Swamp:3:  evilmike_swamp_ruin_rubble_2, nicolae_swamp_godswood
Swamp:4:  swamp_pestilence, swamp_pool3
Spider:4: grunt_spider_rune_circles, portal_ice_cave_entry_pillars_1,
          uniq_arachne
Orc:2:    st_orc_ogre_mass, serial_shops, nicolae_shop_behind_doors,
          basic_altar, uniq_donald
Elf:1:    eino_elf_arrival_the_gate, minmay_elf_crystal_hexagon,
          roderic_lattice_octagonal_star
Elf:2:    serial_shops, nicolae_shop_behind_doors, minmay_shop_grove
Elf:3:    elf_hall_gauntlet_narrow, uniq_roxanne
Vaults:1: nicolae_vaults_alarming, vaults_mumra_minichess,
          hangedman_vaults_stretched_pinwheel, v_misc_11, st_lattice, v_misc_5,
          nicolae_vaults_hallways_thing, vaults_room_fours,
          nicolae_vaults_circle_grid_a, vaults_dpeg_ring, grunt_vaults_swirl,
          serial_shops, nicolae_shop_trees, uniq_jorgrun
Vaults:2: minmay_crypt_entry_vampire_xt, nicolae_vaults_know_your_exits,
          ontoclasm_vaults_misaligned, ontoclasm_vaults_ring_large,
          nicolae_vaults_triangles, ontoclasm_vaults_twist, v_misc_27, uniq_mara
Vaults:3: nicolae_vaults_yaktaur_gun_rack, grunt_vaults_twisty,
          vaults_mumra_bighexcomb, vaults_room_grid,
          nicolae_vaults_network_square, v_pattern_1,
          nicolae_vaults_border_crossing, ontoclasm_vaults_spin,
          vaults_room_hallway, serial_shops, shop, shop, shop,
          nicolae_shop_temple_entry_statues_fountains, shop, uniq_frederick,
          uniq_saint_roka
Vaults:4: v_misc_4, nicolae_vaults_circle_grid_b, v_alt_pattern_4,
          nicolae_vaults_c_with_doors, v_pattern_4, vaults_room_fancy_cross,
          v_misc_32, v_misc_14, v_misc_3, hangedman_vaults_locks, v_rooms_4,
          ontoclasm_vaults_loading_screen, serial_shops,
          nicolae_shop_behind_doors
Depths:1: kennysheep_path_1, hell_entry, lemuel_statue_altar,
          grunt_megastairs_3, serial_bayou_shore_a, serial_bayou_shore_b,
          uniq_sojobo
Depths:2: kennysheep_room_grid, enter_ziggurat_b, abyss_entry_small_statue_room,
          nicolae_two_hexagons, pf_hell_entry_great_geh,
          infiniplex_staircase_zigzag_3
Depths:3: minmay_gate_of_8, grunt_hell_entry_demonic_statue, pan_entry,
          minmay_misc_feat_ornament, uniq_boris
Depths:4: minmay_strange_plus, abyss_entry, grunt_hell_entry_dis_mu,
          grunt_decor_arrowhead, serial_bayou_shore_b
Depths:5: grunt_zot_entry_bicorn, hangedman_coc_ice_floe,
          grunt_decor_resistance, basic_stair_grate_trap, minmay_shoptagon
Zot:1:    bh_zot_levy_curve, hangedman_zot_wheel_spokes
Bailey:   bailey_axe_4, bailey
Volcano:  volcano_grotto

Skill      XL: |  1  2  3  4  5  6  7  8  9 10 11 12 13 14 15 16 17 18 19 20 21 22 23 24 |
---------------+-------------------------------------------------------------------------+-----
Earth Magic    | 3 4 5 6 7 9 11 12 13 14 15 17 18 19 20 21 22 23 24 25 | 25.0
Spellcasting   | 2 3 4 6 7 8 9 10 11 12 13 14 15 16 17 19 | 19.1
Shields        | 2 5 7 |  7.2
Staves         | 3 |  3.3
Dodging        | 2 3 5 6 7 8 9 10 11 | 11.0
Fighting       | 2 3 4 5 6 |  6.0
Conjurations   | 2 4 6 8 9 10 11 12 13 14 15 | 15.9
Evocations     | 2 3 4 5 |  5.0
Charms         | 1 |  1.0
Translocations | 1 |  1.0
Transmutations | 1 |  1.3
Air Magic      | 1 |  1.3
Fire Magic     | 4 6 8 |  8.0
Armour         | 5 7 9 |  9.6
Ice Magic      | 4 6 7 9 10 11 13 14 | 14.1
Stealth        | |  1.7

Action                   |  1- 3 |  4- 6 |  7- 9 | 10-12 | 13-15 | 16-18 | 19-21 | 22-24 || total
-------------------------+-------+-------+-------+-------+-------+-------+-------+-------++-------
Melee: Unarmed           |       |       |    12 |       |       |       |       |       ||    12
       Trident           |       |       |       |       |    17 |       |       |       ||    17
       Staff             |       |       |       |       |       |    18 |     9 |     5 ||    32
Throw: Stone             |       |     1 |       |       |       |       |       |       ||     1
 Cast: Sandblast         |    52 |    62 |   207 |   254 |   157 |   147 |     2 |       ||   881
       Stone Arrow       |     2 |     3 |    68 |   273 |  1069 |   585 |    28 |    10 ||  2038
       Lee's Rapid Decon |       |       |       |    54 |   103 |   144 |   389 |   313 ||  1003
       Petrify           |       |       |       |     4 |       |     9 |       |       ||    13
       Repel Missiles    |       |       |       |     1 |     2 |     7 |     5 |     6 ||    21
       Blink             |       |       |       |     1 |    26 |    31 |    16 |    12 ||    86
       Passwall          |       |       |       |       |     4 |     4 |       |       ||     8
       Fireball          |       |       |       |       |    56 |   210 |   220 |   187 ||   673
       Bolt of Magma     |       |       |       |       |       |   350 |   294 |   140 ||   784
       Iron Shot         |       |       |       |       |       |     9 |    19 |   161 ||   189
       Summon Ice Beast  |       |       |       |       |       |     1 |     7 |     5 ||    13
       Shatter           |       |       |       |       |       |       |       |    26 ||    26
Evoke: Wand              |       |       |       |    10 |     8 |    19 |     2 |       ||    39
  Use: Scroll            |       |     7 |    13 |     5 |    24 |    21 |     9 |    11 ||    90
       Potion            |       |       |     3 |     5 |    10 |    14 |     2 |    10 ||    44
  Eat: Chunk             |     1 |     7 |     7 |    21 |    36 |    23 |    33 |    18 ||   146
       Royal jelly       |       |       |     1 |       |       |       |       |       ||     1
       Fruit             |       |       |     2 |     3 |     4 |    11 |       |     2 ||    22
       Bread ration      |       |       |     1 |     1 |     2 |     3 |     1 |     3 ||    11
       Pizza             |       |       |       |     3 |     1 |     1 |     1 |     2 ||     8
       Meat ration       |       |       |       |     2 |     7 |     5 |     4 |     5 ||    23
       Beef jerky        |       |       |       |     1 |     3 |     1 |     2 |       ||     7
Armor: Robe              |     2 |     8 |    27 |     6 |    43 |    12 |    40 |    35 ||   173
       Steam dragon scal |       |       |       |    23 |     6 |       |       |       ||    29
       Swamp dragon scal |       |       |       |       |    84 |   279 |       |       ||   363
Dodge: Dodged            |     6 |     8 |    88 |   101 |   296 |   404 |   155 |   135 ||  1193
       Deflected         |       |       |       |     1 |     5 |    26 |    31 |    24 ||    87
Block: Other             |       |       |     8 |     6 |       |       |       |       ||    14
       Reflection        |       |       |     4 |     2 |    25 |    41 |    44 |    40 ||   156
       Buckler           |       |       |       |    62 |   344 |   509 |   158 |   119 ||  1192
